 Dungeon Crawl Stone Soup version 0.30-a0-578-gdee14c521f (webtiles) character file.

Game seed: 10129174223152957918

2231991 jt the Invulnerable (level 24, 249/249 HPs)
             Began as a Minotaur Fighter on Dec 31, 2022.
             Was the Champion of Wu Jian.
             Escaped with the Orb
             ... and 3 runes on Jan 1, 2023!
             The game lasted 03:10:02 (38886 turns).

jt the Invulnerable (Minotaur Fighter)             Turns: 38886, Time: 03:10:03

Health: 249/249    AC: 54    Str: 37    XL:     24   Next: 25%
Magic:  22/22      EV: 11    Int:  8    God:    Wu Jian [******]
Gold:   3295       SH: 26    Dex: 18    Spells: 23/23 levels left

rFire   . . .      SeeInvis +    b - +8 broad axe of Insufficient Pleasure {freeze, rElec rF- Will+++ Stlth+}
rCold   + + .      Faith    +    e - +0 tower shield
rNeg    . . .      Spirit   .    z - +10 gold dragon scales
rPois   +          Reflect  .    O - +2 hat
rElec   +          Harm     .    M - +2 cloak {rPois}
rCorr   .          Rampage  .    q - +5 pair of gloves "Suwarris" {Dex+3}
Will    ++++.      Rage     3%   Z - +2 pair of boots of Fun and Games {Str+2 Stlth+} Stlth
                                 u - amulet of Crawling {Faith rC+ Str+4 SInv}
HPRegen 0.61/turn                g - ring of Woosyir {Contam rF+ Int+3 Slay+2}
MPRegen 0.18/turn                Q - ring of Ryaxoqir {Str+5 Slay+4}

@: studying Short Blades
A: horns 2, retaliatory headbutt, berserk 1, weak 1, heat vulnerability 1
0: Orb of Zot
}: 3/15 runes: barnacled, silver, gossamer
a: Renounce Religion, Wall Jump, Serpent's Lash, Heavenly Storm


You escaped.
You worshipped Wu Jian.
Wu Jian was exalted by your worship.
You visited 9 branches of the dungeon, and saw 45 of its levels.
You also visited: Sewer, Ice Cave, Volcano and Desolation.

You collected 5127 gold pieces.
You spent 1832 gold pieces at shops.

Inventory:

Hand Weapons
 a - a +5 spectral broad axe
 b - the +8 broad axe of Insufficient Pleasure (weapon) {freeze, rElec rF- Will+++ Stlth+}
   (You found it on level 14 of the Dungeon)

   It freezes those it strikes, dealing additional cold damage.
   It can also slow down cold-blooded creatures.
   rF:        It makes you vulnerable to fire.
   rElec:     It insulates you from electricity.
   Will:      It greatly increases your willpower.
   Stlth:     It makes you more stealthy.
 E - the +6 hand axe "Sor Kiu" {antimagic, +Blink rF++ Will- rCorr}
   (You took it off a yaktaur captain on level 5 of the Vaults)

   It reduces the magical energy of the wielder, and disrupts the spells and
   magical abilities of those it strikes.
   Natural abilities and divine invocations are not affected.
   rF:        It greatly protects you from fire.
   +Blink:    It lets you blink.
   rCorr:     It protects you from acid and corrosion.
   Will:      It decreases your willpower.
Missiles
 D - 6 silver javelins (quivered)
 G - 22 javelins
 P - 2 throwing nets
 T - 6 boomerangs of dispersal
Armour
 e - a +0 tower shield (worn)
 q - the +5 pair of gloves "Suwarris" (worn) {Dex+3}
   (You found it on level 14 of the Dungeon)

   Dex:       It affects your dexterity (+3).
 z - +10 gold dragon scales (worn)
 M - a +2 cloak of poison resistance (worn)
 O - a +2 hat (worn)
 Z - the +2 pair of boots of Fun and Games (worn) {Str+2 Stlth+}
   (You found it on level 7 of the Dungeon)

   Str:       It affects your strength (+2).
   Stlth:     It makes you more stealthy.
Jewellery
 g - the ring of Woosyir (left hand) {Contam rF+ Int+3 Slay+2}
   (You took it off a merfolk impaler on level 4 of the Shoals)

   [ring of protection from fire]

   Int:       It affects your intelligence (+3).
   Slay:      It affects your accuracy & damage with ranged weapons and melee
   (+2).
   rF:        It protects you from fire.
   Contam:    It causes magical contamination when unequipped.
 i - the dreamshard necklace {*Dream Drain}
   (You found it on level 4 of the Vaults)

   [amulet of nothing]

   It shatters if its wearer takes lethal or near-lethal damage, preventing the
   blow and releasing protective dreams that heal and fight for the wearer.
   Drain:     It drains your maximum health when unequipped.
 k - the ring of the Evening {Ice Fly Dex+6}
   (You took it off a reaper in an ice cave)

   [ring of ice]

   It enhances your ice magic.
   Dex:       It affects your dexterity (+6).
   rF:        It makes you vulnerable to fire.
   rC:        It protects you from cold.
   Fly:       It grants you flight.
 n - the ring "Soutoath" {rC+ Will+}
   (You found it in the Desolation of Salt)

   [ring of protection from cold]

   rC:        It protects you from cold.
   Will:      It increases your willpower.
 u - the amulet of Crawling (around neck) {Faith rC+ Str+4 SInv}
   (You found it in the Desolation of Salt)

   [amulet of faith]

   It allows you to gain divine favour quickly.
   Str:       It affects your strength (+4).
   rC:        It protects you from cold.
   SInv:      It lets you see invisible.
 v - a ring of positive energy
 C - a ring of resist corrosion
 Q - the ring of Ryaxoqir (right hand) {Str+5 Slay+4}
   (You found it on level 14 of the Dungeon)

   [ring of slaying]

   Str:       It affects your strength (+5).
   Slay:      It affects your accuracy & damage with ranged weapons and melee
   (+4).
Wands
 p - a wand of charming (23)
 y - a wand of flame (50)
 F - a wand of iceblast (42)
 N - a wand of mindburst (19)
Scrolls
 c - a scroll of brand weapon
 l - 4 scrolls of fear
 o - 11 scrolls of teleportation
 r - 3 scrolls of blinking
 A - 3 scrolls of poison
 H - 5 scrolls of immolation
 J - 2 scrolls of fog
 R - 4 scrolls of silence
 V - 7 scrolls of vulnerability
 X - 9 scrolls of identify
Potions
 h - 16 potions of curing
 j - 6 potions of mutation
 m - 2 potions of cancellation
 s - a potion of heal wounds
 t - a potion of resistance
 w - 7 potions of haste
 B - 6 potions of ambrosia
 K - 3 potions of magic
 U - 3 potions of invisibility
 W - 2 potions of berserk rage
Miscellaneous
 f - a box of beasts
 x - a phantom mirror
 L - a phial of floods
 S - a tin of tremorstones (2/2)
 Y - a lightning rod (4/4)


   Skills:
 O Level 27 Fighting
 - Level 19.1 Axes
 O Level 27 Armour
 - Level 5.0 Dodging
 - Level 5.0 Stealth
 + Level 26.4 Shields
 - Level 10.0 Evocations


You had 23 spell levels left.
You didn't know any spells.
Your spell library contained the following spells:

 Spells                   Type           Power      Damage    Failure   Level
 Freeze                   Ice            0%         1d3       87%         1
 Necrotise                Necr           0%         1d4       87%         1
 Sandblast                Erth           0%         2d4       87%         1
 Slow                     Hex            0%         N/A       87%         1
 Blink                    Tloc           0%         N/A       95%         2
 Call Imp                 Summ           0%         N/A       95%         2
 Cigotuvi's Dreadful Rot  Necr/Pois/Air  0%         N/A       95%         2
 Ensorcelled Hibernation  Hex/Ice        0%         N/A       95%         2
 Passwall                 Tmut/Erth      0%         N/A       95%         2
 Poisonous Vapours        Pois/Air       0%         N/A       95%         2
 Static Discharge         Conj/Air       0%         2-2/arc   95%         2
 Sublimation of Blood     Necr           0%         N/A       95%         2
 Confusing Touch          Hex            0%         N/A       99%         3
 Frozen Ramparts          Ice            0%         1d1       99%         3
 Gell's Gravitas          Tloc           0%         N/A       99%         3
 Hailstorm                Conj/Ice       0%         3d3       99%         3
 Ignite Poison            Fire/Tmut/Pois 0%         N/A       99%         3
 Kindle Blastsparks       Fire/Tloc/Air  0%         2d10      99%         3
 Mephitic Cloud           Conj/Pois/Air  0%         N/A       99%         3
 Stone Arrow              Conj/Erth      0%         3d7       99%         3
 Summon Guardian Golem    Hex/Summ       0%         N/A       99%         3
 Swiftness                Air            0%         N/A       99%         3
 Teleport Other           Tloc           0%         N/A       99%         3
 Tukima's Dance           Hex            0%         N/A       99%         3
 Vampiric Draining        Necr           0%         2d6       99%         3
 Vhi's Electric Charge    Tloc/Air       0%         N/A       99%         3
 Cause Fear               Hex            0%         N/A       100%        4
 Dispel Undead            Necr           0%         3d6       100%        4
 Fulminant Prism          Conj/Hex       0%         3d5       100%        4
 Ice Form                 Ice/Tmut       0%         N/A       100%        4
 Iskenderun's Mystic Bla  Conj/Tloc      0%         2d3       100%        4
 Manifold Assault         Tloc           0%         N/A       100%        4
 Passage of Golubria      Tloc           0%         N/A       100%        4
 Sticky Flame             Conj/Fire      0%         2d3       100%        4
 Summon Ice Beast         Ice/Summ       0%         N/A       100%        4
 Agony                    Necr           0%         N/A       100%        5
 Alistair's Intoxication  Tmut/Pois      0%         N/A       100%        5
 Arcjolt                  Conj/Air       0%         1d10      100%        5
 Borgnjor's Vile Clutch   Necr/Erth      0%         N/A       100%        5
 Freezing Cloud           Conj/Ice/Air   0%         6-21      100%        5
 Iskenderun's Battlesphe  Conj           0%         2d6       100%        5
 Lee's Rapid Deconstruct  Erth           0%         3d4*      100%        5
 Lightning Bolt           Conj/Air       0%         1d11      100%        5
 Silence                  Hex/Air        0%         N/A       100%        5
 Summon Mana Viper        Hex/Summ       0%         N/A       100%        5
 Yara's Violent Unravell  Hex/Tmut       0%         3d3       100%        5
 Dispersal                Tloc           0%         N/A       100%        6
 Eringya's Noxious Bog    Tmut/Pois      0%         N/A       100%        6
 Iron Shot                Conj/Erth      0%         9d1       100%        6
 Simulacrum               Ice/Necr       0%         N/A       100%        6
 Summon Cactus Giant      Summ           0%         N/A       100%        6
 Dragon Form              Tmut           0%         N/A       100%        7
 Haunt                    Necr/Summ      0%         N/A       100%        7
 Monstrous Menagerie      Summ           0%         N/A       100%        7
 Orb of Destruction       Conj           0%         9d5       100%        7
 Spellforged Servitor     Conj/Summ      0%         N/A       100%        7
 Storm Form               Tmut/Air       0%         N/A       100%        7
 Borgnjor's Revivificati  Necr           0%         N/A       100%        8
 Disjunction              Tloc           0%         N/A       100%        8
 Ignition                 Fire           0%         3d3       100%        8
 Lehudib's Crystal Spear  Conj/Erth      0%         10d2      100%        8
 Dragon's Call            Summ           0%         N/A       100%        9
 Polar Vortex             Ice            0%         N/A       100%        9


Dungeon Overview and Level Annotations

Branches:
Dungeon (15/15)            Temple (1/1) D:5            Lair (5/5) D:8
 Shoals (4/4) Lair:2       Spider (4/4) Lair:2        Slime (0/5) Lair:4
    Orc (2/2) D:11            Elf (0/3) Orc:2        Vaults (5/5) D:14
  Crypt (0/3) Vaults:3     Depths (4/4) D:15            Zot (5/5) Depths:4
  Sewer (visited)           IceCv (visited)         Volcano (visited)
Desolation (visited)

Altars:
Ashenzari
Elyvilon
Fedhas
Gozag
Hepliaklqana
Kikubaaqudgha
Makhleb
Okawaru
Qazlal
Sif Muna
Trog
Uskayaw
Vehumet
Wu Jian
Zin
Jiyva
Lugonu

Shops:
D:11 [[=[[   Orc:1 !   Orc:2 :[![   Vaults:5 ?

Portals:
Hell: Depths:3
Abyss: Lair:5 Depths:3

Annotations:
D:7 Maggie


Innate Abilities, Weirdness & Mutations

You have a pair of horns on your head.
You reflexively headbutt those who attack you in melee.
You sometimes lose your temper in combat.
You are weak. (Str -2)
You are vulnerable to heat. (rF-)


Message History

(Z) Zot
Where to? (Enter - D:11 @ (x,y), ? - help)
What level of the Dungeon? (default 1, ? - help)
You see here a +0 scale mail.
There is a stone staircase leading up, spattered with blood here.
You climb upwards.
There is a stone staircase leading down here.
There is a stone staircase leading up here.
You climb upwards.
There is a stone staircase leading down here.
You open the door.
There is an open door here.
There is a stone staircase leading up here.
You climb upwards.
There is a stone staircase leading down here.
There is a stone staircase leading up here.
You climb upwards.
There is a stone staircase leading down here.
There is a stone staircase leading up here.
You climb upwards.
There is a stone staircase leading down here.
A Tzitzimitl comes into view.
There is a stone staircase leading up here.
You climb upwards.
There is a stone staircase leading down here.
(D) Dungeon (T) Temple (L) Lair (A) Shoals (N) Spider Nest (M) Slime Pits (O) Orcish Mines (E) Elven Halls (V) Vaults (C) Crypt (U) Depths (H) Hell (Z) Zot
Where to? (Enter - D:1 @ (x,y), ? - help)
What level of the Dungeon? (default 1, ? - help)
Okay, then.
Unknown command.
Blink to where?
Press: ? - help, Dir - move target
As you read the scroll of blinking, it crumbles to dust.
Blink to where?
Press: ? - help, Dir - move target
As you read the scroll of blinking, it crumbles to dust.
You have escaped!

#.# #.##'# #.# #.# #.# #.##.# #.#
#.# #.# #.##.# #.#### #.# #.#
#.##.# #....# ###.### #.#
#.##.######.# #..#... #.# ##...##
#.# #.#.### #.# #### ##..8..##
### #.#.# #.#
#..#####.......#######.#.#
#.####..+.....8.@.8.....+...#)###
........#####.......#######..#...
######.## ##..8..## ###.### #
##.## ###...## #.###
#####...#####.##.## #...[
........†.....##.# ####.
#####...#####.##.# ## ##.##
#.##.# # . ...# #..#'#########


There were no monsters in sight!

Vanquished Creatures
  4 ancient liches
  A dread lich (Vaults:4)
  2 orbs of fire (Zot:5)
  2 juggernauts (Depths:3)
  Sojobo (Vaults:2)
  Boris (Depths:4)
  Saint Roka (Vaults:1)
  2 Killer Klowns (Zot:5)
  2 curse toes
  Nikola (Vaults:2)
  5 golden dragons
  A bone dragon (Depths:4)
  A pandemonium lord (D:11)
  Zenata (Vaults:2)
  6 tentacled monstrosities
  2 walking crystal tomes (Depths:3)
  4 liches
  13 Orb Guardians (Zot:5)
  A walking earthen tome (Depths:3)
  7 titans
  A walking frostbound tome (Depths:3)
  3 quicksilver dragons
  A kraken (Shoals:2)
  An Executioner (Depths:3)
  4 sphinxes
  3 shadow dragons
  Polyphemus (Shoals:4)
  6 tengu reavers
  3 death cobs
  2 draconian monks
  3 storm dragons
  3 draconian knights
  7 frost giants
  An azure jelly (shapeshifter) (Vaults:2)
  2 nagarajas (Vaults:4)
  2 emperor scorpions (Spider:4)
  2 ghost moths (Spider:4)
  An imperial myrmidon (Desolation)
  7 fire giants
  2 iron dragons (Depths:3)
  A juggernaut zombie (D:15)
  18 vault wardens
  2 draconian stormcallers
  2 draconian scorchers (Zot:5)
  A draconian shifter (Zot:2)
  5 deep elf sorcerers
  4 draconian annihilators
  16 stone giants
  18 ironbound preservers
  3 war gargoyles (Vaults:5)
  An orc warlord (Vaults:2)
  24 very ugly things
  A broodmother (Spider:4)
  2 reapers (IceCv)
  A spriggan defender (Depths:3)
  3 ironbound thunderhulks
  Nessos (Lair:5)
  2 deep elf demonologists
  2 vampire knights
  7 green draconians
  4 dire elephants
  3 yellow draconians
  5 red draconians
  3 white draconians
  5 purple draconians
  2 halazid warlocks (Desolation)
  7 spark wasps
  3 deep elf death magi
  5 fire dragons
  8 merfolk javelineers
  8 ettins
  4 deep elf high priests (Vaults:5)
  11 ragged hierophants (Desolation)
  17 yaktaur captains
  8 entropy weavers
  7 great orbs of eyes
  15 merfolk impalers
  5 servants of whispers (Desolation)
  Josephine (Lair:4)
  2 rakshasas
  6 hydras
  An ice dragon (Depths:3)
  A spriggan air mage (Depths:3)
  42 vault guards
  2 jorogumos
  An ogre mage (Vaults:2)
  7 peacekeepers
  An alligator snapping turtle (Shoals:4)
  A radroach (Spider:3)
  6 two-headed ogres
  3 boulder beetles
  9 ironbound frosthearts
  5 centaur warriors
  2 satyrs (Shoals:4)
  4 deep troll shamans (Depths:3)
  2 merfolk aquamancers (Shoals:4)
  2 merfolk avatars (Shoals:4)
  7 death yaks
  A catoblepas (Shoals:4)
  3 tengu warriors
  11 deep troll earth magi
  2 thrashing horrors (Lair:5)
  A dancing weapon (Vaults:5)
  A vampire mage (Depths:3)
  16 hell knights
  5 spriggan berserkers
  6 orc high priests
  Urug (D:13)
  Sonja (D:10)
  A fire crab (D:8)
  A fire crab (shapeshifter) (Vaults:4)
  A sun demon (D:11)
  The ghost of ThereIsNoGod the Protected, a novice GnWn (D:7)
  5 skeletal warriors
  2 sun moths
  4 pharaoh ants (Spider:4)
  13 sea snakes
  10 iron trolls
  4 glowing orange brains
  A flayed ghost (D:15)
  2 orb spiders (Spider:4)
  49 deep trolls
  An orange crystal statue (IceCv)
  A bog body (IceCv)
  4 spriggan simulacra (IceCv)
  8 phantasmal warriors
  A steelbarb worm (Spider:1)
  2 obsidian statues
  24 ironbound convokers
  4 wizards
  A shadow dragon zombie (D:15)
  19 wolf spiders
  3 oklob plants (Lair:1)
  25 harpies
  10 orc knights
  5 lindwurms
  38 ugly things
  A deep elf pyromancer (D:14)
  10 necromancers
  13 fauns
  5 cyclopes
  20 manticores
  A manticore (shapeshifter) (Vaults:5)
  A salamander (Depths:1)
  A frost giant skeleton (D:15)
  9 elephants
  5 moths of wrath
  10 merfolk sirens
  4 water nymphs
  4 smoke demons
  4 torpor snails
  10 vault sentinels
  2 molten gargoyles (Desolation)
  3 black mambas
  A gargoyle (D:13)
  8 guardian serpents
  A stone giant skeleton (D:15)
  2 unseen horrors
  2 ice statues (Shoals:1)
  13 cane toads
  4 rime drakes
  6 demonic crawlers
  A kobold demonologist (D:9)
  A golden dragon simulacrum (IceCv)
  12 freezing wraiths
  12 komodo dragons
  37 yaktaurs
  A red devil (Volcano)
  2 anaconda simulacra (IceCv)
  A tengu conjurer (Depths:1)
  2 ice devils (IceCv)
  An ancient zyme (Lair:5)
  5 meliai
  3 polar bears (Lair:3)
  A polar bear (shapeshifter) (Vaults:5)
  4 trolls
  9 wind drakes
  5 hornets
  27 merfolk
  16 tarantellas
  A blink frog (shapeshifter) (Lair:5)
  64 saltlings (Desolation)
  8 snapping turtles
  36 blink frogs
  4 dream sheep (Shoals:3)
  17 culicivoras
  18 slime creatures
  A dire elephant simulacrum (IceCv)
  16 jumping spiders
  20 humans (D:14)
  3 shadows
  Eustachio (D:6)
  4 spriggans
  10 water elementals
  5 wyverns
  8 wraiths
  10 fire bats
  3 vampires (Vaults:3)
  A ynoxinul (Lair:5)
  60 yaks
  2 vampire mosquitoes (D:15)
  3 basilisks
  A steam dragon (D:7)
  49 redbacks
  2 chaos spawn (Lair:5)
  Menkaure (D:5)
  5 minotaur simulacra (IceCv)
  9 small abominations (Lair:5)
  6 wargs
  3 large abominations (Lair:5)
  2 harpy simulacra (IceCv)
  2 acid dragons
  A swamp worm (shapeshifter) (Vaults:5)
  17 water moccasins
  A floating eye (shapeshifter) (Vaults:5)
  Duvessa (D:7)
  2 floating eyes
  43 orc warriors
  A sky beast (D:7)
  2 ice beasts
  3 black bears
  An ettin simulacrum (IceCv)
  3 wolves (Lair:2)
  4 boggarts (Vaults:3)
  4 ogres
  15 centaurs
  A kobold brigand (D:9)
  4 bullfrogs
  A necrophage (D:7)
  3 scorpions
  4 deep troll simulacra (IceCv)
  7 wights
  Dowan (D:7)
  10 killer bees
  An electric eel (Lair:1)
  3 howler monkeys
  6 lava snakes (Volcano)
  4 hounds
  4 jellies
  25 orc priests
  6 iguanas
  18 orc wizards
  8 gnolls
  3 river rats (Sewer)
  6 adders
  A shadow imp (D:6)
  An ufetubus (D:4)
  2 worms
  2 dart slugs
  104 orcs
  7 endoplasms
  4 giant cockroaches
  11 goblins
  10 hobgoblins
  2 jackals (D:1)
  3 quokkas
  8 ball pythons
  2 bats
  6 frilled lizards
  10 kobolds
  7 rats
  3 tentacles (Shoals:2)
1791 creatures vanquished.

Vanquished Creatures (collateral kills)
  An ancient lich (Zot:5)
  An Orb Guardian (Zot:5)
  A lich (D:14)
  The ghost of Taant the Earth Mage, a journeyman GrEE of Gozag (D:14)
  A two-headed ogre (Orc:1)
5 creatures vanquished.

Vanquished Creatures (others)
  A dire elephant (Vaults:2)
  An alligator snapping turtle (Shoals:4)
  A warg (Vaults:5)
  16 fungi
  58 plants
  13 tentacles (Shoals:2)
  9 withered plants
99 creatures vanquished.

Grand Total: 1895 creatures vanquished

Notes
Turn   | Place    | Note
-------+----------+-------------------------------------------
     0 | D:1      | jt the Minotaur Fighter began the quest for the Orb.
     0 | D:1      | Reached XP level 1. HP: 19/19 MP: 0/0
   119 | D:1      | Reached XP level 2. HP: 24/27 MP: 1/1
   291 | D:2      | Reached XP level 3. HP: 27/33 MP: 2/2
   598 | D:2      | Reached XP level 4. HP: 40/40 MP: 3/3
  1349 | D:3      | Found a blossoming altar of Fedhas.
  1498 | D:4      | Reached skill level 5 in Axes
  1498 | D:4      | Reached XP level 5. HP: 44/47 MP: 4/4
  1517 | D:4      | Reached skill level 5 in Fighting
  1517 | D:4      | Reached skill level 5 in Shields
  1623 | D:4      | Noticed a black bear
  1629 | D:4      | Killed a black bear
  1630 | D:4      | Reached XP level 6. HP: 43/56 MP: 5/5
  1688 | D:5      | Entered Level 5 of the Dungeon
  2250 | D:3      | Found a faded altar of an unknown god.
  2480 | D:4      | Reached XP level 7. HP: 61/61 MP: 6/6
  3003 | D:6      | Reached XP level 8. HP: 24/71 MP: 7/7
  3083 | D:6      | Noticed Eustachio
  3108 | D:6      | Killed Eustachio
  3173 | D:6      | Found a glowing drain.
  3182 | Sewer    | Entered a sewer
  3641 | D:5      | Found a staircase to the Ecumenical Temple.
  3654 | Temple   | Entered the Ecumenical Temple
  3661 | Temple   | Became a worshipper of the Wu Jian Council
  3769 | D:5      | Found a white marble altar of Elyvilon.
  3812 | D:5      | Noticed Menkaure
  3818 | D:5      | Killed Menkaure
  3826 | D:5      | Found a burning altar of Makhleb.
  3903 | D:5      | Reached skill level 10 in Axes
  4081 | D:6      | Reached skill level 5 in Armour
  4214 | D:7      | Reached XP level 9. HP: 51/81 MP: 8/8
  4453 | D:7      | Noticed Maggie
  4891 | D:7      | Noticed Duvessa
  4916 | D:7      | Reached * piety under Wu Jian
  4917 | D:7      | Noticed Dowan
  4922 | D:7      | Killed Duvessa
  5048 | D:7      | Killed Dowan
  5162 | D:7      | Found a runed translucent gate.
  5163 | D:7      | Found a runed translucent gate.
  5163 | D:7      | Found a runed translucent gate.
  5165 | D:7      | Noticed ThereIsNoGod's ghost (novice GnWn)
  5169 | D:7      | Identified the +0 chain mail of the Will of the Gods {-Tele
                  | Harm Regen+}
  5285 | D:7      | Found an ancient bone altar of Kikubaaqudgha.
  5510 | D:7      | Killed ThereIsNoGod's ghost
  5540 | D:7      | Identified the +2 pair of boots of Fun and Games {Str+2
                  | Stlth+}
  5580 | D:8      | Found a staircase to the Lair.
  5586 | D:8      | Reached XP level 10. HP: 84/91 MP: 9/9
  5687 | D:8      | Noticed a fire crab
  5769 | D:9      | Identified the +7 chain mail "Hiocecli" {Dex+6}
  5935 | D:10     | Entered Level 10 of the Dungeon
  5949 | D:10     | Noticed Sonja
  5951 | D:10     | Noticed a two-headed ogre
  5957 | D:10     | Noticed a two-headed ogre
  5965 | D:10     | Killed a two-headed ogre
  5966 | D:10     | Reached skill level 1 in Evocations
  5971 | D:10     | Killed a two-headed ogre
  5972 | D:10     | Reached skill level 10 in Fighting
  6059 | D:10     | Noticed a two-headed ogre
  6253 | D:8      | Found Zin's Purification Station.
  6253 | D:8      | Found a glowing silver altar of Zin.
  6268 | D:8      | Bought a potion of curing for 90 gold pieces
  6316 | D:8      | Killed a fire crab
  6539 | Lair:1   | Entered Level 1 of the Lair of Beasts
  6570 | Lair:1   | Noticed a torpor snail
  6579 | Lair:1   | Reached ** piety under Wu Jian
  6592 | Lair:1   | Killed a torpor snail
  6593 | Lair:1   | Reached XP level 11. HP: 94/101 MP: 10/10
  6918 | D:10     | Noticed a white ugly thing
  6934 | D:10     | Killed a white ugly thing
  6985 | D:10     | Found a shimmering blue altar of Sif Muna.
  7098 | D:10     | Found a radiant altar of Vehumet.
  7103 | D:10     | Killed Sonja
  7383 | D:9      | Reached skill level 15 in Axes
  7389 | D:9      | Reached *** piety under Wu Jian
  7576 | D:10     | Killed a two-headed ogre
  7794 | D:11     | Reached skill level 10 in Armour
  8022 | D:11     | Found a staircase to the Orcish Mines.
  8102 | D:11     | Reached skill level 5 in Evocations
  8198 | D:11     | Found Gaomn's Armour Shop.
  8201 | D:11     | Identified the +1 ring mail of Rationality {-Tele rElec rF+
                  | Str+5}
  8262 | D:11     | Noticed a two-headed ogre
  8270 | D:11     | Killed a two-headed ogre
  8296 | D:11     | Found Buolituo's Antique Armour Emporium.
  8304 | D:11     | Bought an embroidered cloak for 232 gold pieces
  8313 | D:11     | Bought a scorched chain mail for 294 gold pieces
  8313 | D:11     | Identified the +2 chain mail "Xuefor" {Will+} (You bought
                  | it in a shop on level 11 of the Dungeon)
  8333 | D:11     | Reached **** piety under Wu Jian
  8334 | D:11     | Reached XP level 12. HP: 98/112 MP: 11/11
  8458 | Orc:1    | Entered Level 1 of the Orcish Mines
  8614 | Orc:1    | Found Ciselic's Distillery.
  8623 | Orc:1    | Bought a potion of heal wounds for 60 gold pieces
  8712 | Orc:1    | Noticed a two-headed ogre
  8716 | Orc:1    | Killed a two-headed ogre
  8721 | Orc:1    | Noticed a two-headed ogre
  8722 | Orc:1    | Noticed an ettin
  8725 | Orc:1    | Killed a two-headed ogre
  8727 | Orc:1    | Noticed a two-headed ogre
  8731 | Orc:1    | Killed a two-headed ogre
  8897 | Orc:1    | Killed an ettin
  9088 | Orc:2    | Entered Level 2 of the Orcish Mines
  9113 | Orc:2    | Found a staircase to the Elven Halls.
  9425 | Orc:2    | Reached ***** piety under Wu Jian
  9528 | Orc:2    | Noticed an orc high priest
  9535 | Orc:2    | Killed an orc high priest
  9866 | Orc:2    | Noticed an orc high priest
  9874 | Orc:2    | Noticed an orc high priest
  9889 | Orc:2    | Killed an orc high priest
  9890 | Orc:2    | Noticed an orc high priest
  9890 | Orc:2    | Noticed an orc high priest
  9897 | Orc:2    | Killed an orc high priest
  9898 | Orc:2    | Reached XP level 13. HP: 49/125 MP: 12/12
  9915 | Orc:2    | Reached skill level 15 in Fighting
  9931 | Orc:2    | Found Sodu Hain's Book Boutique.
  9931 | Orc:2    | Found Dysuoc's Armour Boutique.
  9932 | Orc:2    | Found Taoqirog's Antique Armour Boutique.
  9932 | Orc:2    | Found Vyefox's Distillery.
  9940 | Orc:2    | Bought an ichor-stained chain mail for 256 gold pieces
  9940 | Orc:2    | Identified the +6 chain mail "Haash" {rC++ Dex+4 SInv} (You
                  | bought it in a shop on level 2 of the Orcish Mines)
  9953 | Orc:2    | Bought a potion of heal wounds for 75 gold pieces
  9953 | Orc:2    | Bought a potion of mutation for 120 gold pieces
  9953 | Orc:2    | Bought a potion of curing for 45 gold pieces
  9953 | Orc:2    | Bought a potion of curing for 45 gold pieces
  9953 | Orc:2    | Bought a potion of might for 60 gold pieces
 10597 | Lair:1   | Paralysed by a floating eye for 3 turns
 10749 | Lair:2   | Reached skill level 15 in Armour
 10825 | Lair:2   | Found a hole to the Spider Nest.
 11150 | Lair:2   | Found a dark tunnel.
 11157 | Volcano  | Entered a volcano
 11286 | Volcano  | Found a burning altar of Makhleb.
 11514 | Lair:2   | Found a staircase to the Shoals.
 11620 | Lair:3   | Reached skill level 1 in Dodging
 11638 | Lair:3   | Reached XP level 14. HP: 84/140 MP: 13/13
 12071 | Lair:5   | Entered Level 5 of the Lair of Beasts
 12071 | Lair:5   | Noticed Josephine
 12087 | Lair:4   | Killed Josephine
 12326 | Lair:4   | Found a staircase to the Slime Pits.
 12326 | Lair:4   | Found a viscous altar of Jiyva.
 12394 | Lair:5   | Noticed Nessos
 12413 | Lair:5   | Killed Nessos
 12849 | Lair:5   | Reached skill level 5 in Dodging
 13471 | Lair:5   | Found a corrupted altar of Lugonu.
 13471 | Lair:5   | Found a one-way gate to the infinite horrors of the Abyss.
 13776 | Spider:1 | Entered Level 1 of the Spider Nest
 13777 | Spider:1 | You fall into a shaft and drop 1 floor!
 13971 | Spider:1 | Reached XP level 15. HP: 151/152 MP: 14/14
 14306 | Spider:3 | Reached skill level 1 in Stealth
 14564 | Spider:4 | Entered Level 4 of the Spider Nest
 15442 | Spider:4 | Noticed an emperor scorpion
 15447 | Spider:4 | Killed an emperor scorpion
 15505 | Spider:4 | Noticed an emperor scorpion
 15533 | Spider:4 | Reached skill level 5 in Stealth
 15545 | Spider:4 | Killed an emperor scorpion
 15611 | Spider:4 | Got a gossamer rune of Zot
 16273 | Spider:1 | Reached XP level 16. HP: 158/165 MP: 15/15
 16479 | Spider:2 | Reached XP level 17. HP: 172/172 MP: 16/16
 16587 | Shoals:1 | Entered Level 1 of the Shoals
 16712 | Shoals:1 | Found a frozen archway.
 16975 | IceCv    | Entered an ice cave
 17426 | IceCv    | Reached ****** piety under Wu Jian
 17470 | IceCv    | Identified the ring of the Evening {Ice Fly Dex+6}
 18190 | Shoals:4 | Entered Level 4 of the Shoals
 19190 | Shoals:2 | Noticed a kraken
 19227 | Shoals:2 | Killed a kraken
 20767 | Shoals:4 | Reached XP level 18. HP: 149/187 MP: 17/17
 21516 | Shoals:4 | Noticed Polyphemus
 21527 | Shoals:4 | Killed Polyphemus
 21559 | Shoals:4 | Identified the ring of Woosyir {Contam rF+ Int+3 Slay+2}
 22187 | Shoals:4 | Got a barnacled rune of Zot
 23011 | Lair:1   | Identified the +5 executioner's axe of Okawaru's Regard
                  | {venom, +Blink rPois}
 23442 | D:11     | Found Xyoc's Antique Armour Boutique.
 23442 | D:11     | Found Umnicy's Jewellery Shop.
 23492 | D:11     | Found Huif's Antique Armour Shoppe.
 24103 | D:14     | Found a hazy altar of Hepliaklqana.
 24348 | D:13     | Noticed Urug
 24354 | D:13     | Killed Urug
 24440 | D:15     | Entered Level 15 of the Dungeon
 24576 | D:14     | Identified the +8 broad axe of Insufficient Pleasure
                  | {freeze, rElec rF- Will+++ Stlth+}
 24742 | D:14     | Found a gate to the Vaults.
 24784 | Vaults:1 | Entered Level 1 of the Vaults
 24870 | Vaults:1 | Noticed Saint Roka
 24886 | Vaults:1 | Killed Saint Roka
 25071 | Vaults:1 | Found a crumbling gateway.
 25117 | Desolati | Entered the Desolation of Salt
 25151 | Desolati | Reached XP level 19. HP: 189/198 MP: 18/18
 25302 | Desolati | Identified the +10 mace "Nuocs" {pain, rN+ Will+}
 25320 | Desolati | Identified the +7 longbow "Wogug" {freeze, Str+7 Stlth+}
 25639 | Desolati | Identified the ring "Soutoath" {rC+ Will+}
 25871 | Desolati | Identified the +8 quarterstaff of Contention {freeze, rC-
                  | Int+6}
 25912 | Desolati | Identified the +1 ring mail of the Barnacle {rPois}
 26063 | Desolati | Identified the amulet of Crawling {Faith rC+ Str+4 SInv}
 26069 | Desolati | Got the Opusculum on the Spider and Adjuration
 26339 | Desolati | Identified the +6 halberd of Zegowil {spect, rF+ rN+ rCorr
                  | Int-3 SInv}
 26371 | Desolati | Identified the +1 ring mail of Perfidy {Dex+2}
 26811 | Vaults:1 | Reached skill level 10 in Evocations
 27683 | Vaults:2 | Reached skill level 10 in Shields
 27683 | Vaults:2 | Noticed Sojobo
 27693 | Vaults:2 | Killed Sojobo
 27702 | Vaults:2 | Noticed Zenata
 27709 | Vaults:2 | Killed Zenata
 27971 | Vaults:2 | Noticed Nikola
 27987 | Vaults:2 | Killed Nikola
 28462 | Vaults:3 | Found a staircase to the Crypt.
 29038 | Vaults:4 | Reached XP level 20. HP: 134/206 MP: 19/19
 29044 | Vaults:4 | Noticed a golden dragon
 29097 | Vaults:4 | Reached skill level 15 in Shields
 29165 | Vaults:4 | Noticed a dread lich
 29169 | Vaults:4 | Paralysed by a dread lich for 3 turns
 29176 | Vaults:4 | Killed a dread lich
 29218 | Vaults:4 | Identified the +0 helmet of Hyixkoho {Str+5}
 29567 | Vaults:4 | Killed a golden dragon
 31543 | Vaults:4 | Found the dreamshard necklace {*Dream Drain}
 31597 | Vaults:4 | Found the +3 giant club "Skullcrusher" {speed, Str+7}
 31761 | Vaults:5 | Entered Level 5 of the Vaults
 31763 | Vaults:5 | Reached XP level 21. HP: 213/213 MP: 20/20
 31780 | Vaults:5 | Noticed an ancient lich
 31809 | Vaults:5 | Noticed an ancient lich
 31843 | Vaults:5 | Noticed a golden dragon
 31846 | Vaults:5 | Killed a golden dragon
 31918 | Vaults:5 | HP: 8/213 [something/+1 heavy halberd (10)]
 32025 | Vaults:5 | Noticed an ancient lich
 32353 | Vaults:5 | Identified the +6 great sword of Honour {drain, rC+ MP+9
                  | Str+2}
 32494 | Vaults:5 | Identified the +3 ring mail "Sutyac" {Stlth+}
 32796 | Vaults:5 | Killed an ancient lich
 32902 | Vaults:5 | Identified the +5 chain mail "Buat" {Harm *Corrode +Blink
                  | Str+2 Dex+3}
 32902 | Vaults:5 | Identified the amulet "Nykho" {Spirit Harm Str-4 Slay-3
                  | SInv}
 32956 | Vaults:5 | Killed an ancient lich
 33195 | Vaults:5 | Killed an ancient lich
 33336 | Vaults:5 | Noticed a golden dragon
 33344 | Vaults:5 | Killed a golden dragon
 33372 | Vaults:5 | Found Uckair's Magic Scroll Shop.
 33388 | Vaults:5 | Got a silver rune of Zot
 33392 | Vaults:5 | Bought a scroll of magic mapping for 157 gold pieces
 33392 | Vaults:5 | Bought a scroll of blinking for 157 gold pieces
 33392 | Vaults:5 | Bought a scroll of magic mapping for 157 gold pieces
 33392 | Vaults:5 | Bought a scroll of immolation for 84 gold pieces
 33657 | Vaults:5 | Identified the +6 hand axe "Sor Kiu" {antimagic, +Blink
                  | rF++ Will- rCorr}
 33661 | Vaults:5 | Identified the +6 quarterstaff of Hauget {venom, *Slow
                  | Will+ Str+4 Dex+4}
 33804 | Vaults:5 | Reached XP level 22. HP: 205/222 MP: 21/21
 33839 | Vaults:5 | Identified the +0 robe "Witud" {+Inv Dex+5 Slay+3 SInv}
 33847 | Vaults:5 | Identified the +1 hand axe of Darkness {drain, Fragile Fly
                  | Int+9}
 35025 | D:15     | Identified the +1 scale mail of Hiotwotal {rC- rN+++
                  | Slay+2}
 35118 | D:14     | Found a runed translucent gate.
 35118 | D:14     | Found a runed translucent gate.
 35118 | D:14     | Found a runed translucent gate.
 35118 | D:14     | Found an ancient bone altar of Kikubaaqudgha.
 35118 | D:14     | Noticed Taant's ghost (journeyman GrEE)
 35130 | D:14     | Killed Taant's ghost
 35163 | D:14     | Got Kikubaaqudgha's Quarto of Wicked Mysteries
 35166 | D:14     | Identified the +5 pair of gloves "Suwarris" {Dex+3}
 35185 | D:14     | Identified the ring of Ryaxoqir {Str+5 Slay+4}
 35408 | D:15     | Found a staircase to the Depths.
 35476 | Depths:1 | Entered Level 1 of the Depths
 35629 | Depths:3 | Noticed a juggernaut
 35641 | Depths:3 | Noticed a juggernaut
 35644 | Depths:3 | Killed a juggernaut
 35659 | Depths:3 | Killed a juggernaut
 35666 | Depths:3 | Reached skill level 27 in Armour
 36026 | Depths:2 | Reached XP level 23. HP: 231/232 MP: 22/22
 36255 | Depths:4 | Entered Level 4 of the Depths
 36278 | Depths:4 | Paralysed by a floating eye for 4 turns
 36292 | Depths:4 | Noticed Boris
 36872 | Depths:4 | Found a gate to the Realm of Zot.
 37243 | Depths:4 | Killed Boris
 37259 | Zot:1    | Entered Level 1 of the Realm of Zot
 37295 | Zot:2    | Noticed a curse toe
 37314 | Zot:2    | Killed a curse toe
 38249 | Zot:5    | Entered Level 5 of the Realm of Zot
 38249 | Zot:5    | Noticed a curse toe
 38255 | Zot:5    | Killed a curse toe
 38264 | Zot:5    | Noticed an ancient lich
 38265 | Zot:5    | Noticed an orb of fire
 38269 | Zot:5    | Noticed an orb of fire
 38271 | Zot:5    | Gained mutation: You are vulnerable to heat. (rF-) [an orb
                  | of fire]
 38272 | Zot:5    | Noticed a Killer Klown
 38273 | Zot:5    | Noticed a Killer Klown
 38274 | Zot:5    | Killed an ancient lich
 38276 | Zot:5    | Noticed a Killer Klown
 38278 | Zot:5    | Killed an orb of fire
 38279 | Zot:5    | Gained mutation: You are weak. (Str -2) [an orb of fire]
 38280 | Zot:5    | Killed a Killer Klown
 38280 | Zot:5    | Noticed an ancient lich
 38281 | Zot:5    | Gained mutation: You sometimes lose your temper in combat.
                  | [an orb of fire]
 38283 | Zot:5    | Killed a Killer Klown
 38285 | Zot:5    | HP: 9/238 [orb of fire/bolt of fire (43)]
 38287 | Zot:5    | Killed an ancient lich
 38290 | Zot:5    | Noticed an orb of fire
 38297 | Zot:5    | Reached XP level 24. HP: 41/247 MP: 22/22
 38306 | Zot:5    | Killed an orb of fire
 38316 | Zot:5    | Reached skill level 27 in Fighting
 38321 | Zot:5    | Got the Orb of Zot
 38322 | Zot:5    | Noticed a Killer Klown
 38322 | Zot:5    | Noticed an orb of fire
 38471 | Depths:3 | Found a gateway to Hell.
 38751 | D:11     | Noticed Gyttos the pandemonium lord
 38758 | D:11     | Killed Gyttos the pandemonium lord
 38886 | D:$      | Escaped with the Orb!

Illustrated notes

Levels and vault maps discovered:
D:1:      evilmike_arrival_plus, layout_loops_ring, hangedman_decor_slide_cut
D:2:      layout_basic, wad_orctagon
D:3:      layout_loops_ring, lemuel_coloured_pillars_altar,
          ebering_ecumenical_altar_hall
D:4:      minmay_opposing_rooms, layout_basic, grunt_decor_cap,
          serial_park_tiny_pond, dreamdust_gnoll_farm
D:5:      layout_loops_corners, elyvilon_altar_3,
          nicolae_overflow_crystal_walls, lightli_temple_of_fire,
          minmay_temple_entry_drinking_statues, uniq_menkaure
D:6:      layout_basic, portal_sewer_entry_d, uniq_eustachio
D:7:      layout_rooms, mainiacjoe_overflow_24_doors,
          biasface_ghost_orc_armoury, uniq_duvessa, uniq_maggie
D:8:      layout_cave_pools, zin_purify, minmay_lair_entry_lava
D:9:      layout_loops_cross
D:10:     layout_rooms, vehumet_crystals, nicolae_sif_muna_little_library,
          uniq_sonja
D:11:     layout_roguey, erik_orc_3, serial_shops, nicolae_shop_window_shopping,
          shop, nicolae_lakefront_shop, shop, shop, uniq_snorg
D:12:     layout_rooms, minmay_hedge_maze
D:13:     layout_rooms, ebering_ghost_funeral_grove, nicolae_titane, uniq_urug
D:14:     layout_roguey, grunt_vaults_entry_tiered, gammafunk_ghost_crypt,
          grunt_decor_clamped, nicolae_hepliaklqana_hazy_memory
D:15:     gammafunk_depths_entry_grave, layout_cave_pods, hangedman_decor_lopped
Temple:   nicolae_temple_bog_church
Lair:1:   layout_cave_shapes, minmay_stone_trees_medium, st_stairs_10,
          nicolae_quartered_pool_medium, disabler_island
Lair:2:   layout_regular_city, elwin_shoals_entry_rocks, spider_nest_entry_webs,
          nicolae_volcano_entry_vermiform, nzn_sisyphean_effort,
          grunt_megastairs_4
Lair:3:   layout_chaotic_city, serial_bayou_shore_b, serial_bayou_shore_b,
          lemuel_fruit_tree
Lair:4:   layout_gridlike, slime_entry_1, st_stairs_6,
          small_statue_intersection, infiniplex_staircase_pool_2
Lair:5:   hellmonk_lair_end_abyssal_woods, layout_cave_shapes, uniq_nessos,
          uniq_josephine
Shoals:1: cheibrodos_shoals_roost, layout_shoals,
          portal_ice_cave_entry_ice_statue_two
Shoals:2: layout_shoals
Shoals:3: argonaut_golden_fleece, layout_shoals,
          nicolae_shoals_pincushion_passage
Shoals:4: shoals_end_simple, layout_shoals, uniq_polyphemus
Spider:1: layout_spider_delve, hellmonk_narrow_tunnel
Spider:2: layout_spider_delve
Spider:3: layout_chambers, nicolae_spider_cling_halls
Spider:4: grunt_spider_rune_parallel
Orc:1:    layout_diamond_mine, serial_shops, shop_statue,
          hellmonk_guarded_unrand_dark_maul
Orc:2:    st_orc_pillars, layout_diamond_mine
Vaults:1: portal_desolation_entry_twin_temple,
          nicolae_vaults_diagonal_hallway_8, v_misc_1, vaults_mumra_chevron,
          vaults_dpeg_encased_lava, nicolae_vaults_little_squares_1,
          nicolae_vaults_little_squares_1, nicolae_vaults_little_squares_3,
          vaults_dpeg_spiral, vaults_mumra_minichess, vaults_room_semicircle,
          vaults_dpeg_hooks, vaults_dpeg_emergency_exit,
          layout_vaults_quadrants, uniq_saint_roka
Vaults:2: vaults_room_pools, st_quartered_hall, hangedman_vaults_stagger,
          grunt_vaults_trifunnel, ontoclasm_vaults_gateway,
          nicolae_vaults_angled_halls, nicolae_vaults_specimen_jars,
          nicolae_vaults_network_periphery, nicolae_vaults_what_the_h,
          v_misc_14, layout_vaults_big_room, uniq_zenata, uniq_sojobo,
          uniq_nikola
Vaults:3: v_misc_24, v_misc_17, minmay_crypt_entry_vampire_xt, vaults_dpeg_ring,
          kb_rosetta, dpeg_vaults_monster_box, ontoclasm_vaults_spin,
          vaults_mumra_lcd, hangedman_vaults_unwind,
          nicolae_vaults_mini_display_case, hangedman_vaults_impose, v_misc_22,
          nicolae_vaults_rhombus_7, nicolae_vaults_yaktaur_gun_rack,
          layout_vaults_omnibox
Vaults:4: ontoclasm_vaults_pinch, nicolae_vaults_shelves_hall,
          nicolae_vaults_stairing_the_circle, ontoclasm_vaults_fault,
          hangedman_vaults_variations, vaults_mumra_hex,
          nicolae_vaults_little_squares_3, st_greater_box_2, v_misc_5,
          layout_vaults_maze_snakey
Vaults:5
Depths:1: layout_gridlike, hell_entry, drop_trap, statue_in_the_mist_lemuel,
          st_stairs_3, evilmike_ruin_ashenzari, infiniplex_staircase_pool_lava,
          grunt_megastairs_2
Depths:2: abrahamwl_protected_by_tso_1, layout_cave_pools, enter_ziggurat_b,
          hell_entry, grunt_pan_entry_zigzag, serial_co_window_serial,
          co_window_paths_b, co_window_paths_b, co_window_corner_a,
          co_window_corner_a, co_window_cross_1, co_window_cross_1,
          co_window_corner_a, co_window_2corner, co_window_unsneaky_path_c,
          co_window_2corner, co_window_corner_ca, co_window_of_opportunity_c,
          glass_columns_b
Depths:3: minmay_the_grid_four_pointed_star
          [minmay_the_grid_triangle_9x9_pentomino_pain,
          minmay_the_grid_triangle_9x9_zippers_vertical,
          minmay_the_grid_triangle_9x9_semitri,
          minmay_the_grid_triangle_9x9_stretched_checkered,
          minmay_the_grid_prize_four_corners], layout_long_grid, hell_entry,
          abyss_entry, eino_small_chamber_without_monster,
          nicolae_shop_vocational, infiniplex_staircase_zigzag_5
Depths:4: grunt_zot_entry_funnels, layout_cave_pools, hellmouth_1,
          minmay_misc_feat_hallway, uniq_boris
Zot:1:    layout_concentric_octagons
Zot:2:    layout_basic
Zot:3:    layout_basic, zot_minivault_1
Zot:4:    layout_twisted_circle, uniq_parghit
Zot:5:    layout_twisted_circle

Skill      XL: |  1  2  3  4  5  6  7  8  9 10 11 12 13 14 15 16 17 18 19 20 21 22 23 24 |
---------------+-------------------------------------------------------------------------+-----
Axes           | 3 4 5 6 8 10 12 14 16 17 19 | 19.1
Fighting       | 4 5 6 8 9 10 12 14 17 19 20 22 23 24 26 27 | 27.0
Shields        | 4 5 6 9 13 18 21 23 25 26 | 26.4
Armour         | 5 7 8 10 13 16 18 19 20 22 23 25 27 | 27.0
Evocations     | 3 5 8 10 | 10.0
Dodging        | 1 5 |  5.0
Stealth        | 5 |  5.0

Action                   |  1- 3 |  4- 6 |  7- 9 | 10-12 | 13-15 | 16-18 | 19-21 | 22-24 || total
-------------------------+-------+-------+-------+-------+-------+-------+-------+-------++-------
Melee: War axe           |    62 |   136 |   247 |   543 |  1112 |  1073 |       |       ||  3173
       Headbutt          |     7 |    11 |    39 |   120 |   275 |   399 |   388 |   293 ||  1532
       Trident           |       |       |       |       |    55 |     7 |       |       ||    62
       Flail             |       |       |       |       |    18 |       |       |       ||    18
       Broad axe         |       |       |       |       |       |   132 |  1120 |   915 ||  2167
       Executioner's axe |       |       |       |       |       |    67 |       |       ||    67
Throw: Boomerang         |       |     3 |    24 |     8 |     5 |     8 |       |       ||    48
       Dart              |       |     2 |     4 |    11 |     1 |     2 |     2 |       ||    22
       Javelin           |       |       |       |       |       |     3 |     7 |     1 ||    11
Invok: Lunge             |       |       |     4 |    40 |    78 |   128 |   141 |    70 ||   461
       Whirlwind         |       |       |       |    65 |   400 |   261 |   269 |   131 ||  1126
       Serpent's Lash    |       |       |       |     7 |    19 |    15 |    18 |    12 ||    71
       Heavenly Storm    |       |       |       |     1 |     3 |     1 |     3 |     2 ||    10
 Abil: Wall Jump         |       |       |       |       |     2 |     8 |     7 |     3 ||    20
Evoke: Wand              |       |     1 |     6 |    20 |     8 |    10 |     7 |     3 ||    55
       Lightning rod     |       |       |       |       |     3 |       |       |       ||     3
       Phantom mirror    |       |       |       |       |       |       |     4 |     1 ||     5
       Phial of floods   |       |       |       |       |       |       |     2 |       ||     2
       Tin of tremorston |       |       |       |       |       |       |     1 |       ||     1
       Box of beasts     |       |       |       |       |       |       |       |     1 ||     1
  Use: Scroll            |       |     6 |    12 |     9 |     4 |    12 |    22 |    12 ||    77
       Potion            |       |       |     6 |     4 |    11 |     3 |    16 |     7 ||    47
 Stab: Invisible         |       |       |       |     5 |       |     1 |     5 |       ||    11
       Distracted        |       |       |       |       |       |     4 |    19 |     1 ||    24
Armor: Scale mail        |    18 |    47 |    29 |       |       |       |       |       ||    94
       Chain mail        |       |       |    49 |   213 |   612 |   667 |   167 |       ||  1708
       Plate armour      |       |       |    46 |     4 |       |       |       |       ||    50
       Gold dragon scale |       |       |       |       |       |       |   186 |   309 ||   495
Dodge: Dodged            |    21 |    66 |    92 |   130 |   478 |   495 |   236 |   164 ||  1682
Block: Buckler           |    14 |    35 |    51 |   114 |   241 |   248 |    74 |       ||   777
       Kite shield       |       |       |       |       |       |       |    96 |       ||    96
       Tower shield      |       |       |       |       |       |       |   206 |   631 ||   837

Table legend: (Time is in decaauts)
 A = Elapsed time spent in this place.
 B = Non-inter-level travel time spent in this place.
 C = Inter-level travel time spent in this place.
 D = Time resting spent in this place.
 E = Time spent auto-exploring this place.
 F = Levels seen in this place.
 G = Mean time per level.
                   A        B        C        D        E       F      G
               +--------+--------+--------+--------+--------+-----+--------+
         Total |  38290 |  36261 |   2029 |  13201 |   3832 |  49 |  781.4 |
       Dungeon |  10313 |   9437 |    876 |   1998 |   1539 |  15 |  687.5 |
        Temple |     13 |     13 |      0 |      0 |      0 |   1 |   13.0 |
          Lair |   3847 |   3545 |    302 |    918 |    233 |   5 |  769.4 |
        Shoals |   5344 |   5269 |     75 |   3122 |      0 |   4 | 1336.0 |
   Spider Nest |   2718 |   2606 |    112 |   1293 |    101 |   4 |  679.5 |
  Orcish Mines |   1709 |   1609 |    100 |    296 |    215 |   2 |  854.5 |
        Vaults |   8540 |   8159 |    381 |   3171 |   1369 |   5 | 1708.0 |
        Depths |   1915 |   1808 |    107 |    911 |     10 |   4 |  478.8 |
           Zot |   1137 |   1063 |     74 |    614 |      0 |   5 |  227.4 |
         Sewer |    290 |    290 |      0 |      3 |    183 |   1 |  290.0 |
      Ice Cave |    772 |    772 |      0 |    243 |    182 |   1 |  772.0 |
       Volcano |    241 |    241 |      0 |     93 |      0 |   1 |  241.0 |
    Desolation |   1446 |   1446 |      0 |    537 |      0 |   1 | 1446.0 |
               +--------+--------+--------+--------+--------+-----+--------+

Top non-repeatable levels by time:
Vaults:4: 2164 daAuts
Vaults:5: 2087 daAuts
Shoals:3: 1912 daAuts
Shoals:4: 1843 daAuts
Vaults:1: 1492 daAuts
Desolation: 1446 daAuts
Vaults:2: 1423 daAuts
Vaults:3: 1372 daAuts
     D:6: 1337 daAuts
     D:4: 1090 daAuts
Spider:3: 1086 daAuts
   Orc:2: 999 daAuts
    D:11: 986 daAuts
Depths:3: 911 daAuts
  Lair:1: 909 daAuts
